 Dungeon Crawl Stone Soup version 0.19.1-1-g22dce08 (webtiles) character file.

252 HessuHobo the Conjurer (level 5, -2/28 HPs)
             Began as a Deep Elf Conjurer on Dec 28, 2016.
             Slain by an orc wizard
             ... wielding a cursed +0 dagger
              (3 damage)
             ... on level 4 of the Dungeon.
             The game lasted 00:13:51 (6429 turns).

HessuHobo the Conjurer (Deep Elf Conjurer)          Turns: 6429, Time: 00:13:52

Health: -2/28      AC:  3    Str:  5 (6)  XL:     5   Next: 89%
Magic:  10/11      EV: 13    Int: 20      God:
Gold:   115        SH:  4    Dex: 15      Spells: 3 memorised, 3 levels left

rFire  . . .     SeeInvis .     k - +2 short sword (elec)
rCold  . . .     Gourm    .     a - +1 robe
rNeg   . . .     Faith    .     (no shield)
rPois  +         Spirit   .     (no helmet)
rElec  .         Reflect  +     (no cloak)
rCorr  .         Harm     .     (no gloves)
MR     .....                    (no boots)
Stlth  ++........               n - +4 amulet of reflection
                                (no ring)
                                m - ring of poison resistance

@: no status effects
A: no striking features
a: no special abilities


You were on level 4 of the Dungeon.
You were not hungry.

You visited 1 branch of the dungeon, and saw 4 of its levels.

You collected 115 gold pieces.

Inventory:

Hand Weapons
 g - a +0 short sword
 k - a +2 short sword of electrocution (weapon)
Armour
 a - a +1 robe (worn)
Jewellery
 m - a ring of poison resistance (left hand)
 n - a +4 amulet of reflection (around neck)
Scrolls
 e - 2 scrolls of remove curse
 f - 4 scrolls of identify
Potions
 c - 3 potions of curing
 d - a potion of might {unknown}
 h - a potion of haste
Books
 b - a book of Conjurations

   Spells                             Type                      Level
   a - Magic Dart                     Conjuration                  1
   b - Searing Ray                    Conjuration                  2
   c - Dazzling Spray                 Conjuration/Hexes            3
   d - Fulminant Prism                Conjuration/Hexes            4
   e - Iskenderun's Mystic Blast      Conjuration                  4
   f - Iskenderun's Battlesphere      Conjuration/Charms           5
Comestibles
 i - 2 bread rations
 l - a fruit


   Skills:
 - Level 2.4 Dodging
 - Level 2.4 Stealth
 - Level 3.0 Spellcasting
 + Level 7.9 Conjurations


You had 3 spell levels left.
You knew the following spells:

 Your Spells              Type           Power        Failure   Level  Hunger
a - Magic Dart            Conj           ####         1%          1    None
b - Searing Ray           Conj           ####..       1%          2    ##.....
c - Iskenderun's Mystic   Conj           ####....     8%          4    ####...


Dungeon Overview and Level Annotations

Branches:
Dungeon (4/15)
 Temple: D:4-7

Altars:
Elyvilon
Kikubaaqudgha
Qazlal

Annotations:
D:4 Edmund


Message History

There is a stone staircase leading down here.
You block something's attack. Edmund completely misses you. The orc misses you.
You hear some strange, mumbled words.
A puff of frost appears from out of thin air!
The puff of frost hits you!
* * * LOW HITPOINT WARNING * * *
You climb downwards.
There is a stone staircase leading up, spattered with blood here.
You block something's attack. The orc closely misses you.
Something hits you but does no damage. Something hits you but does no damage.
Edmund zaps a wand.
Some rock shatters into small pieces.
Something hits you.
* * * LOW HITPOINT WARNING * * *
You hear some strange, mumbled words.
A puff of frost appears from out of thin air!
The puff of frost misses you.
Edmund zaps a wand.
Some rock shatters into small pieces.
The orc misses you. Something hits you.
You die...

.......##..#.....'.....##.# #####
.......##..###.###.....##.# #....
.......##..# #.# #.....##.# #.###
##+###.##..###.###..#####.# #.# #
..........<...........###.###.###
##.###...oo.o....................
...# #.##.####.###..#.###.###.##.
##.# #.##.o....o..........# #.##.
##.# #.##...@...@...#.#######.##.
##.# #.##.##.#####.#.............
##.# #.##.###.# #.#..#######.##.
##.# #.##.# #.# #.#..# #.##. ####
#.##.# #.##.#..# #....
######.##.# #.#.#..##########.
.......##.# ##...............
######.##.# ###..##########. #
#.##.# #.###########.


You could see Edmund and 3 orcs.

Vanquished Creatures
  2 orc priests (D:4)
  2 orc wizards
  3 adders
  2 oozes
  An adder skeleton (D:4)
  A worm (D:3)
  A dart slug (D:2)
  7 leopard geckos
  9 orcs
  7 bats
  A bat zombie (D:1)
  2 giant cockroaches
  5 goblins
  8 hobgoblins
  3 jackals (D:1)
  12 kobolds
  A quokka (D:1)
  A ball python (D:2)
  4 frilled lizards
  A giant cockroach zombie (D:1)
  11 rats
84 creatures vanquished.

Vanquished Creatures (others)
  A plant (D:1)
1 creature vanquished.

Grand Total: 85 creatures vanquished

Notes
Turn   | Place    | Note
-------+----------+-------------------------------------------
     0 | D:1      | HessuHobo the Deep Elf Conjurer began the quest for the Orb.
     0 | D:1      | Reached XP level 1. HP: 10/10 MP: 6/6
   527 | D:1      | Reached XP level 2. HP: 15/15 MP: 1/8
   695 | D:1      | Reached skill level 5 in Conjurations
  1309 | D:1      | Reached XP level 3. HP: 19/19 MP: 7/9
  2115 | D:2      | Found a white marble altar of Elyvilon.
  2115 | D:2      | Found an ancient bone altar of Kikubaaqudgha.
  2416 | D:2      | Reached skill level 6 in Conjurations
  2517 | D:2      | Reached XP level 4. HP: 22/24 MP: 5/10
  3341 | D:2      | Learned a level 2 spell: Searing Ray
  4315 | D:3      | Found a stormy altar of Qazlal.
  5053 | D:4      | Reached skill level 7 in Conjurations
  5053 | D:4      | Reached XP level 5. HP: 23/28 MP: 5/11
  5378 | D:3      | Learned a level 4 spell: Iskenderun's Mystic Blast
  5817 | D:4      | Noticed Edmund
  6024 | D:4      | HP: 1/28 [Edmund/antimagic dire flail (14)]
  6418 | D:3      | HP: 1/28 [something/puff of frost (11)]
  6425 | D:4      | HP: 1/28 [something (1)]
  6429 | D:4      | Slain by an orc wizard

Skill      XL: |  1  2  3  4 |
---------------+-------------+-----
Conjurations   | 5 6 7 |  7.9
Dodging        | |  2.4
Stealth        | |  2.4
Spellcasting   | |  3.0

Action                   |  1- 3 |  4- 6 || total
-------------------------+-------+-------++-------
Melee: Unarmed           |     5 |       ||     5
       Short sword       |     3 |     9 ||    12
 Cast: Magic Dart        |    91 |   118 ||   209
       Searing Ray       |       |     3 ||     3
       Iskenderun's Myst |       |     4 ||     4
  Use: Potion            |       |     7 ||     7
       Scroll            |       |     7 ||     7
 Stab: Sleeping          |       |     1 ||     1
  Eat: Chunk             |     2 |     3 ||     5
       Bread ration      |     1 |       ||     1
       Meat ration       |       |     1 ||     1
       Fruit             |       |     4 ||     4
Armor: Robe              |     4 |     3 ||     7
Dodge: Dodged            |    17 |    22 ||    39
Block: Other             |       |     6 ||     6
